 Dungeon Sprint DCSS version 0.18-a0-965-g9200175 (webtiles) character file.

432 Ishamoridin the Protected (level 7, -3/51 HPs)
             Began as a Gargoyle Fighter on Jan 1, 2016.
             Was an Initiate of Ru.
             Slain by Sonja
             ... wielding a +0 dagger of distortion
              (13 damage)
             ... in the Dungeon (Sprint I: "Red Sonja").
             The game lasted 00:07:14 (945 turns).

Ishamoridin the Protected (Gargoyle Fighter)         Turns: 945, Time: 00:07:14

Health: -3/51      AC: 21    Str: 22    XL:     7   Next: 0%
Magic:  7/7        EV:  9    Int:  8    God:    Ru [......]
Gold:   70         SH:  0    Dex: 11    Spells: 0 memorised, 6 levels left

rFire  . . .     SeeInvis .     d - +0 scythe
rCold  . . .     Gourm    .     j - +5 chain mail of Okliecul {rCorr Dex+2 Stlth-}
rNeg   + . .     Faith    .     (shield currently unavailable)
rPois  ∞         Spirit   .     (no helmet)
rElec  +         Dismiss  .     (no cloak)
rCorr  +         Reflect  .     (no gloves)
SustAt .         Harm     .     (no boots)
MR     .....     NoTele   +     (no amulet)
Stlth  ..........               (no ring)
                                (no ring)

@: not resistant to hostile enchantments, extremely unstealthy
A: negative energy resistance 1, electricity resistance, unbreathing,
petrification resistance, rot immunity, AC +4
a: Renounce Religion


You were in the Dungeon.
You worshipped Ru.
Ru was noncommittal.
You were not hungry.

You visited 1 branch You collected 301 gold pieces.
You spent 231 gold pieces at shops.

Inventory:

Hand Weapons
 a - a +0 flail
 d - a +0 scythe (weapon)
 g - a +0 giant club
 n - a +0 dagger
Armour
 b - a +0 scale mail
 c - a +0 shield
 f - a +0 robe
 j - the +5 chain mail of Okliecul (worn) {rCorr Dex+2 Stlth-}
   (You bought it in a shop in the Dungeon)

   It affects your dexterity (+2).
   It protects you from acid and corrosion.
   It makes you less stealthy.
 o - a cursed +0 ring mail
Wands
 l - a wand of magic darts (25/48)
Scrolls
 k - a scroll of blinking
Potions
 e - a potion of curing
 i - 2 potions of magic


   Skills:
 + Level 9.2 Fighting
 - Level 4.1 Maces & Flails
 * Level 3.2 Polearms
 + Level 9.3 Armour
 + Level 3.2 Dodging
 - Level 7.5 Shields


You had 6 spell levels left.
You didn't know any spells.

Dungeon Overview and Level Annotations

Branches:
Dungeon (1/1)

Altars:
Elyvilon
Gozag
Kikubaaqudgha
Makhleb
Nemelex Xobeh
Okawaru
Pakellas
Qazlal
Ru
Sif Muna
Trog
Vehumet
Xom
Yredelemnul
Zin
The Shining One

Shops:
D *

Annotations:
D Sonja


Innate Abilities, Weirdness & Mutations

You are resistant to torment.
Your stone body is resilient (AC +4).
You are immune to poison.
You resist negative energy.
You are resistant to electric shocks.
You can survive without breathing.
You are immune to petrification.
You are immune to rotting.


Message History

Found 108 gold pieces.
Okay, then.
Sonja mumbles some strange words.
Sonja blinks!
There is an open door here.
Sonja unwields an uncursed blowgun.
Sonja wields an uncursed dagger of distortion.
Its appearance distorts for a moment.
Sonja barely misses you. Sonja hits you but does no damage.
Space warps horribly around you! Sonja hits you but does no damage.
Space bends around you.
You closely miss Sonja. Sonja barely misses you.
Sonja hits you but does no damage. Space warps horribly around you!
Sonja hits you but does no damage. Space bends around you.
* * * LOW HITPOINT WARNING * * *
Sonja hits you but does no damage.
You feel a strange sense of stasis. Sonja barely misses you.
Sonja hits you but does no damage. Space bends around you.
* * * LOW HITPOINT WARNING * * *
Sonja hits you but does no damage. Space warps horribly around you!
You die...

################
#<.#..'..#..'..#
#..'..#..'..#..+
#..#####'#####'#
#..####..#...#.#
#..#__####..##.#
#..#_.___##'#..+
#⌠⌠#_.∩...'.K._#
####_..._##_@#+#
#_____###'#
####### #.# $.$
#$.$# ##.## #+#


You could see Sonja.

Vanquished Creatures
  Sigmund (D)
  A yak (D)
  An ogre (D)
  A jelly (D)
  Ijyb (D)
5 creatures vanquished.

Notes
Turn   | Place    | Note
--------------------------------------------------------------
     0 | D        | Ishamoridin the Gargoyle Fighter began the quest for the Orb.
     0 | D        | Reached XP level 1. HP: 14/14 MP: 1/1
     1 | D        | Noticed Ijyb
    10 | D        | Killed Ijyb
    10 | D        | Reached skill level 4 in Fighting
    10 | D        | Reached XP level 2. HP: 3/20 MP: 2/2
    10 | D        | Reached XP level 3. HP: 3/25 MP: 3/3
   380 | D        | Noticed an ogre
   392 | D        | Killed an ogre
   392 | D        | Reached skill level 6 in Fighting
   392 | D        | Reached skill level 1 in Dodging
   392 | D        | Reached XP level 4. HP: 22/32 MP: 4/4
   570 | D        | Noticed Sigmund
   597 | D        | Killed Sigmund
   597 | D        | Reached skill level 8 in Fighting
   597 | D        | Reached XP level 5. HP: 14/39 MP: 5/5
   597 | D        | Reached XP level 6. HP: 15/44 MP: 6/6
   821 | D        | Found a deep blue altar of Sif Muna.
   823 | D        | Found a radiant altar of Vehumet.
   829 | D        | Reached skill level 1 in Polearms
   835 | D        | Found Abrog's Assorted Antiques.
   835 | D        | Found a white marble altar of Elyvilon.
   835 | D        | Found a stormy altar of Qazlal.
   835 | D        | Found a burning altar of Makhleb.
   835 | D        | Found a sacrificial altar of Ru.
   835 | D        | Found an oddly glowing altar of Pakellas.
   835 | D        | Found a basalt altar of Yredelemnul.
   835 | D        | Found a glowing golden altar of the Shining One.
   835 | D        | Found a sparkling altar of Nemelex Xobeh.
   835 | D        | Found a shimmering altar of Xom.
   835 | D        | Found an opulent altar of Gozag.
   835 | D        | Found an ancient bone altar of Kikubaaqudgha.
   835 | D        | Found a glowing silver altar of Zin.
   835 | D        | Noticed a yak
   842 | D        | Killed a yak
   842 | D        | Reached skill level 9 in Fighting
   842 | D        | Reached XP level 7. HP: 36/51 MP: 7/7
   843 | D        | Found an iron altar of Okawaru.
   858 | D        | Found a bloodstained altar of Trog.
   869 | D        | Became a worshipper of Ru the Awakened
   925 | D        | Bought a scroll labeled HOJ IMEMUMN for 22 gold pieces
   925 | D        | Bought a faintly humming chain mail for 209 gold pieces
   935 | D        | Identified the +5 chain mail of Okliecul {rCorr Dex+2 Stlth-} (You bought it in a shop in the Dungeon)
   942 | D        | Noticed Sonja
   945 | D        | Slain by Sonja

Vault maps used:
D:        dungeon_sprint_1

Action                   |  1- 3 |  4- 6 |  7- 9 || total
-------------------------+-------+-------+-------++-------
Melee: Flail             |    15 |    16 |       ||    31
       Scythe            |       |    11 |     1 ||    12
  Use: Potion            |     4 |       |       ||     4
       Scroll            |       |     1 |     1 ||     2
  Eat: Bread ration      |       |     1 |       ||     1
